 Dungeon Crawl Stone Soup version 0.17-a0-1446-gc28613e (webtiles) character file.

1567 urechis the Grappler (level 8, -2/71 HPs)
             Began as a Ghoul Monk on June 28, 2015.
             Was an Elder of Makhleb.
             Slain by a centaur (9 damage)
             ... on level 6 of the Dungeon.
             The game lasted 00:09:58 (4239 turns).

urechis the Grappler (Ghoul Monk)                   Turns: 4239, Time: 00:09:59

Health: -2/71      AC:  8    Str: 15    XL:     8   Next: 90%
Magic:  10/10      EV: 12    Int:  5    God:    Makhleb [****..]
Gold:   275        SH:  0    Dex: 13    Spells: 0 memorised, 7 levels left

rFire  + . .     SeeInvis +       - Unarmed
rCold  + . .     Clarity  .     A - +0 leather armour
rNeg   + + +     SustAt   .     (no shield)
rPois  ∞         Gourm    .     s - +0 helmet (curse)
rElec  .         Spirit   .     f - +2 cloak {MR+}
rCorr  .         Warding  .     (no gloves)
rMut   .         Stasis   .     I - +0 pair of boots
MR     +....                    (no amulet)
Stlth  ++........               i - ring of see invisible
                                w - ring of protection from fire

@: rotting, somewhat resistant to hostile enchantments, unstealthy
A: rotting body, claws 1, carnivore 3, cold resistance 1, negative energy
resistance 3, slow healing 1, torment resistance, unbreathing
a: Minor Destruction, Lesser Servant of Makhleb, Major Destruction, Renounce
Religion


You were on level 6 of the Dungeon.
You worshipped Makhleb.
Makhleb was greatly pleased with you.
You were not hungry.

You visited 2 branches of the dungeon, and saw 8 of its levels.
You also visited: Ossuary.

You collected 275 gold pieces.

Inventory:

Armour
 f - a +2 cloak of magic resistance (worn)
 s - a cursed +0 helmet (worn)
 A - a +0 leather armour (worn)
 I - a +0 pair of boots (worn)
Jewellery
 g - an uncursed ring of flight
 i - a ring of see invisible (right claw)
 w - a ring of protection from fire (left claw)
 J - an uncursed ring of magical power
Magical devices
 a - a wand of paralysis (14)
 n - a wand of polymorph (7)
 p - a wand of fire (5)
 q - a wand of enslavement (4)
 N - a wand of frost (30)
Scrolls
 k - 2 scrolls of enchant weapon {unknown}
 l - 3 scrolls of teleportation
 m - 3 scrolls of magic mapping
 t - a scroll of enchant armour
 x - 2 scrolls of recharging {unknown}
 y - 5 scrolls of identify
 z - a scroll of noise {unknown}
 B - a scroll of fear {unknown}
 F - a scroll of holy word {unknown}
 M - a scroll of silence {unknown}
 O - a scroll of fog {unknown}
Potions
 c - a potion of cure mutation {unknown}
 d - 2 potions of brilliance {unknown}
 e - a potion of cancellation {unknown}
 h - 2 potions of curing {unknown}
 j - 2 potions of invisibility {unknown}
 o - 3 potions of flight {unknown}
 r - a potion of might {unknown}
 u - a potion of lignification {unknown}
 D - 2 potions of heal wounds
 E - a potion of poison {unknown}
 G - a potion of agility {unknown}
 L - a potion of berserk rage {unknown}
Books
 v - a Young Poisoner's Handbook

   Spells                             Type                      Level
   a - Sting                          Conjuration/Poison           1
   b - Cure Poison                    Poison                       2
   c - Mephitic Cloud                 Conjuration/Poison/Air       3
   d - Olgreb's Toxic Radiance        Poison                       4
   e - Venom Bolt                     Conjuration/Poison           5
Comestibles
 b - 2 meat rations
 C - 2 slices of pizza
 H - 6 chunks of flesh
 K - a beef jerky


   Skills:
 + Level 6.4 Fighting
 - Level 2.6 Dodging
 - Level 2.1 Stealth
 - Level 10.0 Unarmed Combat
 + Level 5.2 Invocations


You had 7 spell levels left.
You didn't know any spells.

Dungeon Overview and Level Annotations

Branches:
Dungeon (7/15)             Temple (1/1) D:4

Altars:
Ashenzari
Dithmenos
Fedhas
Kikubaaqudgha
Makhleb
Nemelex Xobeh
Okawaru
Qazlal
Ru
Sif Muna
Trog
Vehumet
Xom
Zin


Innate Abilities, Weirdness & Mutations

Your body is rotting away.
You thrive on raw meat.
You are immune to poison.
You have sharp fingernails.
You are carnivorous and can eat meat at any time.
Your flesh is cold resistant.
You are immune to negative energy.
You heal slowly when monsters are visible.
You are immune to unholy pain and torment.
You can survive without breathing.


Message History

The centaur shoots an arrow.
The arrow hits you.
* * * LOW HITPOINT WARNING * * *
You see here an arrow.
You see here 4 arrows.
The hound bites you but does no damage.
You miss the hound. The hound barely misses you.
You claw the hound!
You kill the hound!
Makhleb accepts your kill.
The centaur shoots an arrow.
The arrow hits you!
* * * LOW HITPOINT WARNING * * *
You see here 2 arrows.
You barely miss the centaur.
The centaur unwields an uncursed shortbow.
The centaur hits you but does no damage.
You scratch the centaur.
The centaur begins to bleed from its wounds!
The centaur is moderately wounded.
The centaur hits you!
You die...

#.........####..#
#..###...## #.##
..## #..## #.# ##
#..## #.# # #..#
#(# .. .### #(##
#... ##(.###.....
#####..(#....#
#.......@c.#
...####(..## ..
#.)## . ...#
....# ####.# ###


You could see a centaur (bleeding).

Vanquished Creatures
  An orc warrior (D:6)
  A necrophage (D:6)
  The ghost of patman the Slasher, an average DrWn (D:3)
  A centaur (D:6)
  An ogre (D:5)
  2 elf zombies (Ossuary)
  A scorpion (D:5)
  2 vampire bats (D:3)
  A centaur zombie (Ossuary)
  2 jellies
  5 worker ants
  Crazy Yiuf (D:2)
  A gnoll shaman (D:6)
  2 human zombies (Ossuary)
  3 orc wizards (D:5)
  2 orc priests
  Jessica (D:2)
  A hound (D:6)
  Terence (D:2)
  A giant frog skeleton (D:5)
  A big kobold zombie (Ossuary)
  2 hound zombies (Ossuary)
  3 mummies (Ossuary)
  3 gnolls (D:6)
  4 adders
  A shadow imp (D:5)
  An ooze (D:2)
  3 adder zombies
  4 giant geckos
  11 orcs
  A ball python (D:5)
  15 bats
  2 bat skeletons (D:3)
  4 bat zombies
  3 giant cockroaches
  10 hobgoblins
  5 jackals
  4 quokkas
  2 gnoll zombies (Ossuary)
  5 goblins
  3 goblin zombies (Ossuary)
  2 hobgoblin zombies (Ossuary)
  A jackal skeleton (D:5)
  2 jackal zombies (Ossuary)
  4 kobolds
  4 kobold zombies (Ossuary)
  2 orc zombies (Ossuary)
  A quokka skeleton (D:4)
  4 quokka zombies (Ossuary)
  12 rats
  3 rat zombies (Ossuary)
  A fungus (D:5)
154 creatures vanquished.

Notes
Turn   | Place    | Note
--------------------------------------------------------------
     0 | D:1      | urechis the Ghoul Monk began the quest for the Orb.
     0 | D:1      | Reached XP level 1. HP: 19/19 MP: 0/0
   162 | D:1      | Reached XP level 2. HP: 25/25 MP: 1/1
   237 | D:1      | Reached skill level 5 in Unarmed Combat
   522 | D:1      | Reached XP level 3. HP: 21/31 MP: 2/2
   752 | D:2      | Found a shimmering altar of Xom.
   772 | D:2      | Noticed Jessica
   780 | D:2      | Killed Jessica
   780 | D:2      | Reached skill level 6 in Unarmed Combat
   780 | D:2      | Reached XP level 4. HP: 35/38 MP: 3/3
  1001 | D:2      | Noticed Terence
  1014 | D:2      | Killed Terence
  1088 | D:2      | Noticed Crazy Yiuf
  1104 | D:2      | Killed Crazy Yiuf
  1104 | D:2      | Reached XP level 5. HP: 10/45 MP: 4/4
  1237 | D:2      | Found a radiant altar of Vehumet.
  1500 | D:3      | Noticed patman's ghost (average DrWn)
  1514 | D:3      | Killed patman's ghost
  1514 | D:3      | Reached skill level 7 in Unarmed Combat
  1595 | D:3      | Reached XP level 6. HP: 43/51 MP: 5/5
  1978 | D:3      | Found an ancient bone altar of Kikubaaqudgha.
  1982 | D:3      | Reached skill level 8 in Unarmed Combat
  2289 | D:4      | Found a staircase to the Ecumenical Temple.
  2321 | Temple   | Entered the Ecumenical Temple
  2569 | Temple   | Became a worshipper of Makhleb the Destroyer
  2569 | Temple   | Acquired Makhleb's first power
  2569 | Temple   | Acquired Makhleb's second power
  2780 | D:4      | Found a shadowy altar of Dithmenos.
  3083 | D:5      | Entered Level 5 of the Dungeon
  3083 | D:5      | Found a sand-covered staircase.
  3102 | Ossuary  | Entered an ossuary
  3137 | Ossuary  | Reached skill level 9 in Unarmed Combat
  3137 | Ossuary  | Reached XP level 7. HP: 48/54 MP: 6/6
  3276 | Ossuary  | Acquired Makhleb's third power
  3350 | Ossuary  | Reached skill level 10 in Unarmed Combat
  3397 | D:5      | Reached skill level 1 in Invocations
  3422 | D:5      | Found a shimmering altar of Xom.
  3422 | D:5      | Found a shimmering altar of Xom.
  3453 | D:5      | Found a stormy altar of Qazlal.
  3500 | D:5      | Found a blossoming altar of Fedhas.
  3504 | D:5      | Found Fesuymn Fali's Antique Armour Shoppe.
  3613 | D:5      | Found a shimmering altar of Xom.
  3651 | D:5      | Reached XP level 8. HP: 52/66 MP: 8/8
  3939 | D:5      | Reached skill level 5 in Fighting
  3977 | D:5      | You fall through a shaft for 2 floors!
  4045 | D:7      | Acquired Makhleb's fourth power
  4231 | D:6      | Reached skill level 5 in Invocations
  4239 | D:6      | Slain by a centaur

Vault maps used:
D:1:      minmay_arrival_semitransparent, minmay_misc_feat_nine_boxes,
          roderic_cross_of_infinity, serial_bayou_ford_a
D:2:      fiery_altar_vehumet, lemuel_round_altar, roderic_serpentine_path,
          uniq_terence, uniq_jessica, uniq_crazy_yiuf_cottage
D:3:      kennysheep_vampire_church, serial_park_tiny_pond
D:4:      nicolae_dithmenos_through_a_glass_darkly, minmay_temple_entry_glass,
          first_bread
D:5:      grunt_temple_overflow_forces_of_nature, nicolae_ossuary_entry_ruins,
          serial_shops, shop, xom_redecorated
D:7:      grunt_temple_overflow_holy_war, kennysheep_mini, serial_curves,
          eino_curves_04, eino_curves_02, eino_curves_02
Temple:   jpeg_temple_alley_garden_8
Ossuary:  minmay_ossuary_two_tombs

Action                   |  1- 3 |  4- 6 |  7- 9 || total
-------------------------+-------+-------+-------++-------
Melee: Unarmed           |    62 |   185 |   241 ||   488
  Use: Scroll            |       |     3 |       ||     3
 Stab: Sleeping          |     5 |     8 |     5 ||    18
  Eat: Chunk             |     9 |     8 |     9 ||    26
